 Dungeon Crawl Stone Soup version 0.18.1-51-gd549091e01 (webtiles) character file.

237 tuurum the Cudgeler (level 5, -2/46 HPs)
             Began as a Minotaur Berserker on Aug 28, 2022.
             Was a Believer of Trog.
             Slain by a gnoll
             ... wielding a +0 spear
              (3 damage)
             ... on level 2 of the Dungeon.
             The game lasted 00:04:24 (1164 turns).

tuurum the Cudgeler (Minotaur Berserker)            Turns: 1164, Time: 00:04:24

Health: -2/46      AC:  3    Str: 21    XL:     5   Next: 77%
Magic:  1/1        EV: 12    Int:  4    God:    Trog [**....]
Gold:   24         SH:  0    Dex: 11    Spells: 0 memorised, 4 levels left

rFire  . . .     SeeInvis .     g - +2 scythe (antimagic)
rCold  . . .     Gourm    .     b - +1 animal skin
rNeg   . . .     Faith    .     (shield currently unavailable)
rPois  .         Spirit   .     (helmet restricted)
rElec  .         Dismiss  .     (no cloak)
rCorr  .         Reflect  .     (no gloves)
SustAt .         Harm     .     (no boots)
MR     .....                    (no amulet)
Stlth  +.........               (no ring)
                                (no ring)

@: not resistant to hostile enchantments, very unstealthy
A: retaliatory headbutt, horns 2
a: Berserk, Trog's Hand, Burn Spellbooks, Renounce Religion


You were on level 2 of the Dungeon.
You worshipped Trog.
Trog was pleased with you.
You were very hungry.

You visited 1 branch of the dungeon, and saw 2 of its levels.

You collected 24 gold pieces.

Inventory:

Hand Weapons
 a - a +1 mace
 g - a +2 antimagic scythe (weapon)
Armour
 b - a +1 animal skin (worn)
Potions
 d - a potion of haste
 e - 2 potions of curing {unknown}
 f - a potion of mutation {unknown}
 j - a potion of flight {unknown}
Comestibles
 c - a bread ration


   Skills:
 - Level 3.7 Fighting
 - Level 7.2 Maces & Flails
 + Level 2.6 Polearms
 - Level 2.4 Armour
 - Level 2.1 Dodging


You had 4 spell levels left.
You didn't know any spells.

Dungeon Overview and Level Annotations

Branches:
Dungeon (2/15)

Altars:


Innate Abilities, Weirdness & Mutations

You reflexively headbutt those who attack you in melee.
You have a pair of horns on your head.


Message History

You are too injured to fight recklessly!
You are too injured to fight recklessly!
You slash the gnoll!
You kill the gnoll!
Trog accepts your kill. The hobgoblin hits you with a club.
* * * LOW HITPOINT WARNING * * *
The gnoll hits you from afar with a spear.
* * * LOW HITPOINT WARNING * * *
The gnoll closely misses you.
The hobgoblin hits you but does no damage.
The gnoll closely misses you. The gnoll hits you but does no damage.
You are too injured to fight recklessly!
Number of times to repeat, then command key: You must enter the number of times for the command to repeat.
You slash the hobgoblin!
You kill the hobgoblin!
Trog accepts your kill.
The gnoll hits you from afar with a spear.
You die...

######### ........##
...♣♣♣ ........#.♣♣ ..♣.♣
.♣ ........##P♣♣♣.P.♣
♣♣.♣♣♣
......g)@.^..♣...♣♣PP..♣.
......g....P.♣...♣.♣..P.♣
........###.♣♣♣..♣♣P.♣.♣.
........##.♣...♣..♣..♣P..
........#......♣......♣♣.
........##.♣..P.♣.♣..P.PP
.$......#..♣♣♣..♣.♣....♣.
..........#♣♣♣..P§.§♣.♣♣♣
###.♣..♣.P†♣♣PP..P.


You could see 2 gnolls.

Vanquished Creatures
  Sigmund (D:2)
  2 adders (D:2)
  2 gnolls (D:2)
  2 oozes
  A worm (D:2)
  2 dart slugs
  10 bats
  A giant cockroach (D:2)
  3 goblins
  A hobgoblin (D:2)
  A jackal (D:2)
  2 kobolds (D:1)
  5 quokkas (D:2)
  3 giant newts
  4 rats
  2 plants (D:2)
42 creatures vanquished.

Notes
Turn   | Place    | Note
--------------------------------------------------------------
     0 | D:1      | tuurum the Minotaur Berserker began the quest for the Orb.
     0 | D:1      | Reached XP level 1. HP: 19/19 MP: 0/0
   334 | D:1      | Reached skill level 4 in Maces & Flails
   535 | D:1      | Reached XP level 2. HP: 27/27 MP: 1/1
   776 | D:2      | Noticed Sigmund
   785 | D:2      | Killed Sigmund
   785 | D:2      | Reached skill level 7 in Maces & Flails
   785 | D:2      | Reached XP level 3. HP: 33/33 MP: 0/2
   785 | D:2      | Reached XP level 4. HP: 40/40 MP: 0/3
   785 | D:2      | Reached XP level 5. HP: 46/46 MP: 0/4
   868 | D:2      | Reached ** piety under Trog
   902 | D:2      | Reached skill level 1 in Polearms
  1162 | D:2      | HP: 2/46 [hobgoblin/club (6)]
  1164 | D:2      | Slain by a gnoll

Skill      XL: |  1  2  3  4  5 |
---------------+----------------+-----
Maces & Flails | 4 7 |  7.2
Polearms       | 2 |  2.6
Fighting       | |  3.7
Armour         | |  2.4
Dodging        | |  2.1

Action                   |  1- 3 |  4- 6 || total
-------------------------+-------+-------++-------
Melee: Mace              |    28 |     4 ||    32
       Headbutt          |     6 |    10 ||    16
       Scythe            |       |    48 ||    48
Invok: Berserk           |     1 |       ||     1
       Trog's Hand       |       |     1 ||     1
  Use: Scroll            |     4 |       ||     4
  Eat: Chunk             |       |     1 ||     1
Armor: Animal skin       |     2 |    21 ||    23
Dodge: Dodged            |    24 |    47 ||    71
